 Dungeon Crawl Stone Soup version 0.25-a0-492-g44cc58d149 (webtiles) character file.

Game seed: 576334952171397254, levelgen mode: deterministic

207945 kae the Black Belt (level 18, -2/163 HPs)
             Began as a Demonspawn Gladiator on Feb 11, 2020.
             Was the Champion of Wu Jian.
             Slain by a spark wasp (16 damage)
             ... on level 3 of the Spider Nest.
             The game lasted 01:07:24 (37106 turns).

kae the Black Belt (Demonspawn Gladiator)          Turns: 37106, Time: 01:07:24

Health: -2/163     AC: 18    Str: 18    XL:     18   Next: 49%
Magic:  21/21      EV: 15    Int: 12    God:    Wu Jian [******]
Gold:   4086       SH:  6    Dex: 19    Spells: 16/17 levels left

rFire    + . .     SeeInvis +     - Unarmed
rCold    . . .     Gourm    .   (no shield)
rNeg     . . .     Faith    .   M - +0 plate armour
rPois    +         Spirit   .   (helmet unavailable)
rElec    .         Reflect  .   V - +2 cloak {MR+}
rCorr    .         Harm     .   F - +3 pair of gauntlets of War {Slay+5}
MR       ++++.                  I - +2 pair of boots
Stlth    ..........             r - amulet of regeneration
HPRegen  0.77/turn              H - ring of protection from magic
MPRegen  0.17/turn              O - ring of Lady Luck {rPois Str+4 SInv Stlth+}

@: corroded, very slightly contaminated, studying 2 skills
A: horns 3, large bone plates 2, clumsy 1, fire resistance 1, magic resistance
1, powered by pain 3, robust 1, spiny 2
a: Wall Jump, Serpent's Lash, Heavenly Storm, Renounce Religion


You were on level 3 of the Spider Nest.
You worshipped Wu Jian.
Wu Jian was exalted by your worship.
You were not hungry.

You visited 6 branches of the dungeon, and saw 31 of its levels.
You also visited: Ice Cave.

You collected 4414 gold pieces.
You spent 328 gold pieces at shops.

Inventory:

Missiles
 c - 5 throwing nets (quivered)
Armour
 F - the +3 pair of gauntlets of War (worn) {Slay+5}
   (You found it on level 7 of the Dungeon)

   It affects your accuracy and damage with ranged weapons and melee attacks
   (+5).
   If you remove this armour, your AC will decrease by 5 (18 -> 13).
 I - a +2 pair of boots (worn)
 M - a +0 plate armour (worn)
 V - a +2 cloak of magic resistance (worn)
Jewellery
 h - the ring "Duufypp" {Wiz +Fly rPois Int+3 Dex-4}
   (You took it off a deep elf annihilator on level 3 of the Elven Halls)

   [ring of wizardry]

   It improves your spell success rate.
   It affects your intelligence (+3).
   It affects your dexterity (-4).
   It protects you from poison.
   It lets you fly.
 r - an amulet of regeneration (around neck)
 s - an uncursed ring of protection from cold
 B - an uncursed ring of resist corrosion
 G - the ring of the Demon Prince {*Contam +Inv rC+ Dex+3 SInv}
   (You took it off a deep elf master archer on level 3 of the Elven Halls)

   [ring of protection from cold]

   It affects your dexterity (+3).
   It protects you from cold.
   It lets you see invisible.
   It lets you turn invisible.
   It causes magical contamination when unequipped.
 H - a ring of protection from magic (left hand)
 O - the ring of Lady Luck (right hand) {rPois Str+4 SInv Stlth+}
   (You found it in an ice cave)

   [ring of poison resistance]

   It affects your strength (+4).
   It protects you from poison.
   It lets you see invisible.
   It makes you more stealthy.
 P - an uncursed ring of positive energy
 Q - an uncursed ring of protection from fire
 R - an uncursed ring of flight
 W - an uncursed ring of magical power
Wands
 i - a wand of scattershot (3)
 p - a wand of paralysis (19)
 t - a wand of flame (90)
 v - a wand of acid (23)
 y - a wand of iceblast (10)
 C - a wand of clouds (5)
 E - a wand of enslavement (8)
 L - a wand of disintegration (31)
 S - a wand of polymorph (15)
 U - a wand of digging (10)
 X - a wand of random effects (20)
Scrolls
 e - 2 scrolls of magic mapping
 l - 4 scrolls of blinking
 n - 17 scrolls of teleportation
 u - 4 scrolls of enchant armour
 w - 3 scrolls of identify
 A - 4 scrolls of fog
 D - 8 scrolls of remove curse
Potions
 a - a potion of cancellation
 b - 2 potions of heal wounds
 f - 2 potions of ambrosia
 g - 4 potions of mutation
 k - 7 potions of agility
 o - 12 potions of might
 q - 8 potions of flight
 x - 3 potions of brilliance
 z - 10 potions of curing
 J - 8 potions of lignification
 K - 2 potions of invisibility
 T - 4 potions of haste
 Y - 2 potions of berserk rage
Books
 m - a manual of Dodging
 Z - a manual of Throwing
Miscellaneous
 j - a fan of gales
Comestibles
 d - 54 rations


   Skills:
 - Level 15.0 Fighting
 - Level 5.4 Throwing
 - Level 10.4 Armour
 + Level 16.5 Dodging
 - Level 7.0 Stealth
 + Level 19.6 Unarmed Combat
 - Level 5.1 Evocations


You had 16 spell levels left.
You knew the following spells:

 Your Spells              Type           Power        Failure   Level  Hunger
a - Apportation           Tloc           #.....       100%        1    ##.....

Your spell library contained the following spells:

 Spells                   Type           Power        Failure   Level  Hunger
 Animate Skeleton         Necr           N/A          100%        1    ##.....
 Beastly Appendage        Tmut           #.....       100%        1    ##.....
 Corona                   Hex            #......      100%        1    ##.....
 Foxfire                  Conj/Fire      #...         100%        1    ##.....
 Freeze                   Ice            #...         100%        1    ##.....
 Magic Dart               Conj           #...         100%        1    ##.....
 Sting                    Tmut/Pois      #...         100%        1    ##.....
 Summon Small Mammal      Summ           #...         100%        1    ##.....
 Blink                    Tloc           N/A          100%        2    ###....
 Corpse Rot               Necr/Air       N/A          100%        2    ###....
 Ensorcelled Hibernation  Hex/Ice        #.....       100%        2    ###....
 Poisonous Vapours        Pois/Air       #.....       100%        2    ###....
 Sublimation of Blood     Necr           #.........   100%        2    ###....
 Confusing Touch          Hex            #.......     100%        3    ####...
 Conjure Flame            Conj/Fire      #.......     100%        3    ####...
 Dazzling Flash           Conj/Hex       #.....       100%        3    ####...
 Gell's Gravitas          Tloc           #.........   100%        3    ####...
 Mephitic Cloud           Conj/Pois/Air  #.......     100%        3    ####...
 Recall                   Summ/Tloc      N/A          100%        3    ####...
 Tukima's Dance           Hex            #.......     100%        3    ####...
 Cause Fear               Hex            #.........   100%        4    #####..
 Ice Form                 Ice/Tmut       #.......     100%        4    #####..
 Petrify                  Tmut/Erth      #.......     100%        4    #####..
 Alistair's Intoxication  Tmut/Pois      #.......     100%        5    ######.
 Aura of Abjuration       Summ           #.........   100%        5    ######.
 Lightning Bolt           Conj/Air       #.........   100%        5    ######.
 Metabolic Englaciation   Hex/Ice        #.........   100%        5    ######.
 Silence                  Hex/Air        #.........   100%        5    ######.
 Summon Demon             Summ           #.........   100%        5    ######.
 Summon Forest            Summ/Tloc      #.........   100%        5    ######.
 Summon Mana Viper        Hex/Summ       #.......     100%        5    ######.
 Yara's Violent Unravell  Hex/Tmut       #.........   100%        5    ######.
 Deflect Missiles         Chrm/Air       #.........   100%        6    #######
 Freezing Cloud           Conj/Ice/Air   #.........   100%        6    #######
 Ozocubu's Refrigeration  Ice            #.........   100%        6    #######
 Shadow Creatures         Summ           N/A          100%        6    #######
 Simulacrum               Ice/Necr       #.........   100%        6    #######
 Ring of Flames           Chrm/Fire      #.........   100%        7    #######
 Discord                  Hex            #.........   100%        8    #######
 Disjunction              Tloc           #.........   100%        8    #######


Dungeon Overview and Level Annotations

Branches:
Dungeon (15/15)            Temple (1/1) D:4            Lair (6/6) D:9
  Swamp (0/4) Lair:3       Spider (4/4) Lair:4        Slime (0/5) Lair:5
    Orc (2/2) D:9             Elf (3/3) Orc:2        Vaults (0/5) D:14
 Depths (0/5) D:15          IceCv (visited)

Altars:
Ashenzari
Cheibriados
Dithmenos
Elyvilon
Fedhas
Gozag
Hepliaklqana
Kikubaaqudgha
Makhleb
Nemelex Xobeh
Okawaru
Qazlal
Ru
Sif Muna
Trog
Uskayaw
Vehumet
Wu Jian
Xom
Yredelemnul
Zin
The Shining One

Shops:
D:4 ?   D:5 ?   D:11 [   D:12 *   D:14 :   Orc:2 !*!=   Elf:1 (

Annotations:
D:8 1 runed translucent door, kae's ghost, novice MfIE
D:11 Erolcha
D:13 1 runed translucent door, Qaryups's ghost, journeyman DrSk
Lair:5 exclusion: oklob plant
Spider:4 Arachne
Elf:2 3 runed translucent doors


Innate Abilities, Weirdness & Mutations

You have a pair of large horns on your head.
You are mostly covered in large bone plates. (SH +6)
You are powered by pain.
You are robust. (+10% HP)
You are mostly covered in sharp spines.
You are clumsy. (Dex -2)
Your flesh is heat resistant. (rF+)
You are resistant to hostile enchantments. (MR+)


Message History

The spark wasp is struck by your spines.
The spark wasp stings you but does no damage.
There is a web here.
Unknown command.
Unknown command.
Blink to where?
Press: ? - help, Dir - move target cursor You are very lightly contaminated with residual magic.
As you read the scroll of blinking, it crumbles to dust.
The spark wasp bursts into living lightning!
The living lightning misses you.
The spark wasp blinks!
You spin and attack the spark wasp repeatedly.
You punch the spark wasp!
The spark wasp is almost dead.
Your plate armour prevents you from hitting the spark wasp.
The spark wasp is almost dead.
The spark wasp stings you!
* * * LOW HITPOINT WARNING * * *
The spark wasp shocks you!
You die...

.#....## ^......##
....#..^####
....#..†).^#
...^#.>†...#####
.^.^##†...s##.^########
#....##.§§..^...#..#.^#
......#........#......#
................@..<..#
.......^........y....)##
...........^..#........#
...........#.....^.....#
.......................#
.......................#
......................##
#####
..^...................#
#^...
......................#
##....


You could see an emperor scorpion and a spark wasp (pinned).

Vanquished Creatures
  Jorgrun (Orc:2)
  3 deep elf blademasters (Elf:3)
  4 deep elf master archers (Elf:3)
  Roxanne (Elf:2)
  A deep elf sorcerer (Elf:3)
  A fire giant (D:15)
  2 ghost moths
  Louise (Spider:2)
  An orc warlord (Orc:2)
  A deep elf elementalist (Elf:3)
  A stone giant (Orc:1)
  8 entropy weavers
  4 deep elf demonologists (Elf:3)
  10 deep elf annihilators
  A spark wasp (Spider:3)
  6 deep elf death magi (Elf:3)
  Josephine (D:13)
  2 deep elf high priests (Elf:3)
  3 vault guards (D:14)
  6 hydras
  2 ice dragons (IceCv)
  4 centaur warriors
  An ogre mage (D:15)
  A catoblepas (Lair:1)
  11 two-headed ogres
  A death knight (D:15)
  13 dancing weapons
  2 tengu warriors
  3 death yaks (D:9)
  3 orc high priests (Orc:2)
  16 deep elf knights
  Nergalle (D:10)
  5 skeletal warriors
  An unseen horror (D:12)
  9 deep elf archers
  A deep troll (shapeshifter) (D:15)
  3 wizards
  5 orc knights
  A harpy (shapeshifter) (Elf:3)
  A phantasmal warrior (D:15)
  2 necromancers (D:14)
  14 orb spiders
  49 deep elf magi
  25 wolf spiders
  5 oklob plants
  4 orc sorcerers
  3 cyclopes
  2 manticores (D:12)
  11 ugly things
  2 moths of wrath
  A black mamba (Lair:6)
  A gargoyle (D:12)
  2 centaur skeletons
  2 ice statues (IceCv)
  24 spiny frogs
  3 elephants (Lair:3)
  8 rime drakes
  An efreet (D:15)
  2 freezing wraiths
  A kobold demonologist (D:11)
  15 demonic crawlers
  6 komodo dragons
  A tengu conjurer (D:13)
  A meliai (D:12)
  24 jumping spiders
  2 polar bears
  3 tyrant leeches (Lair:6)
  6 trolls
  3 hornets
  3 slime creatures (D:13)
  The ghost of Hasart the Cudgeler, an amateur OpFi (D:3)
  34 blink frogs
  4 bog bodies (Lair:3)
  17 hippogriffs
  51 redbacks
  A spriggan (shapeshifter) (Elf:2)
  A spriggan (Lair:2)
  3 shadows
  An air elemental (Elf:1)
  16 tarantellas
  3 wyverns
  7 wraiths
  46 yaks
  3 basilisks
  4 water elementals
  A fire elemental (Elf:2)
  18 humans (D:14)
  A basilisk (shapeshifter) (D:14)
  3 chaos spawn (D:15)
  2 hungry ghosts
  8 vampire mosquitoes
  Menkaure (D:5)
  A warg (Orc:1)
  A soldier ant (D:12)
  10 water moccasins
  An acid dragon (D:14)
  6 porcupines
  2 sky beasts
  2 hornet zombies
  2 necrophages
  Duvessa (D:7)
  26 orc warriors
  A phantom (D:12)
  4 black bears
  16 ice beasts
  14 ogres
  15 wolves
  5 centaurs
  12 crocodiles
  24 bullfrogs
  5 big kobolds
  A wyvern zombie (D:10)
  3 earth elementals
  A wyvern skeleton (D:7)
  A scorpion (D:6)
  Dowan (D:7)
  16 killer bees
  9 wights
  3 howler monkeys
  8 electric eels
  8 crimson imps
  3 bullfrog zombies
  3 centaur zombies
  10 hounds
  27 orc wizards
  18 orc priests
  A bullfrog skeleton (D:12)
  3 jellies
  Natasha (thrice) (D:2)
  3 iguanas
  6 worker ants
  2 hell rats (D:9)
  A hound zombie (D:6)
  A hound skeleton (D:6)
  20 adders
  6 gnolls
  3 river rats (D:9)
  2 shadow imps
  3 oozes
  An adder zombie (D:6)
  4 worms
  3 leopard geckos
  94 orcs
  6 bats
  A giant cockroach (D:1)
  6 goblins
  5 hobgoblins
  6 jackals (D:1)
  9 quokkas
  8 ball pythons
  4 frilled lizards
  A giant cockroach zombie (D:6)
  20 kobolds
  A leopard gecko zombie (D:6)
  8 rats
  2 crawling corpses (Elf:3)
  14 plants
1101 creatures vanquished.

Vanquished Creatures (others)
  A deep elf knight (Elf:1)
  An unseen horror (D:12)
  A deep elf mage (Elf:1)
  A tarantella (Spider:4)
  A bush (D:14)
  2 fungi
  48 plants
  2 withered plants (D:8)
57 creatures vanquished.

Grand Total: 1158 creatures vanquished

Notes
Turn   | Place    | Note
-------+----------+-------------------------------------------
     0 | D:1      | kae the Demonspawn Gladiator began the quest for the Orb.
     0 | D:1      | Reached XP level 1. HP: 16/16 MP: 1/1
   165 | D:1      | Reached skill level 3 in Unarmed Combat
   304 | D:1      | Gained mutation: You sometimes gain a little power by
                  | taking damage. [demonic ancestry]
   304 | D:1      | Reached XP level 2. HP: 15/22 MP: 2/2
   786 | D:1      | Gained mutation: You are partially covered in sharp spines.
                  | [demonic ancestry]
   786 | D:1      | Reached XP level 3. HP: 26/28 MP: 3/3
  1528 | D:2      | Reached skill level 4 in Unarmed Combat
  1581 | D:2      | Gained mutation: You have a pair of small horns on your
                  | head. [demonic ancestry]
  1581 | D:2      | Reached XP level 4. HP: 34/34 MP: 4/4
  1672 | D:2      | Noticed Natasha
  1680 | D:2      | Killed Natasha
  1736 | D:2      | Noticed Natasha
  1749 | D:2      | Killed Natasha
  1760 | D:2      | Noticed Natasha
  1767 | D:2      | Killed Natasha
  1767 | D:2      | Reached XP level 5. HP: 17/41 MP: 5/5
  2352 | D:3      | Reached skill level 5 in Unarmed Combat
  2401 | D:3      | Found a basalt altar of Yredelemnul.
  2402 | D:3      | Found an opulent altar of Gozag.
  2429 | D:3      | Found a runed translucent door.
  2433 | D:3      | Noticed Hasart's ghost (amateur OpFi)
  2447 | D:3      | Gained mutation: Your flesh is heat resistant. (rF+)
                  | [potion of mutation]
  2447 | D:3      | Gained mutation: You are resistant to hostile enchantments.
                  | (MR+) [potion of mutation]
  2461 | D:3      | Killed Hasart's ghost
  2461 | D:3      | Reached XP level 6. HP: 33/48 MP: 6/6
  3073 | D:4      | Found Goitor's Magic Scroll Boutique.
  3099 | D:4      | Reached skill level 6 in Unarmed Combat
  3313 | D:4      | Bought a scroll of identify for 28 gold pieces
  3313 | D:4      | Bought a scroll of identify for 28 gold pieces
  3313 | D:4      | Bought a scroll of identify for 28 gold pieces
  3313 | D:4      | Bought a scroll of identify for 28 gold pieces
  3313 | D:4      | Bought a scroll of identify for 28 gold pieces
  3425 | D:4      | Found a staircase to the Ecumenical Temple.
  3431 | D:4      | Reached XP level 7. HP: 55/55 MP: 7/7
  3435 | Temple   | Entered the Ecumenical Temple
  3674 | Temple   | Became a worshipper of the Wu Jian Council
  4202 | D:5      | Entered Level 5 of the Dungeon
  4320 | D:5      | Reached skill level 5 in Fighting
  4363 | D:5      | Reached skill level 7 in Unarmed Combat
  4734 | D:5      | Reached * piety under Wu Jian
  4758 | D:5      | Noticed Menkaure
  4762 | D:5      | Killed Menkaure
  4762 | D:5      | Gained mutation: You have a pair of horns on your head.
                  | [demonic ancestry]
  4762 | D:5      | Reached XP level 8. HP: 64/64 MP: 8/8
  4939 | D:5      | Found Qadukhibb's Magic Scroll Shoppe.
  4946 | D:5      | Bought a scroll of identify for 22 gold pieces
  4946 | D:5      | Bought a scroll of identify for 22 gold pieces
  5321 | D:6      | Noticed a two-headed ogre
  5343 | D:6      | Killed a two-headed ogre
  5343 | D:6      | Reached skill level 9 in Unarmed Combat
  5356 | D:6      | Noticed a two-headed ogre
  5356 | D:6      | Noticed a komodo dragon
  5360 | D:6      | Killed a two-headed ogre
  5360 | D:6      | Reached XP level 9. HP: 22/72 MP: 9/9
  5372 | D:6      | Killed a komodo dragon
  5372 | D:6      | Reached skill level 10 in Unarmed Combat
  6249 | D:7      | Reached ** piety under Wu Jian
  6676 | D:7      | Reached skill level 11 in Unarmed Combat
  6711 | D:7      | Gained mutation: You are mostly covered in sharp spines.
                  | [demonic ancestry]
  6711 | D:7      | Reached XP level 10. HP: 72/82 MP: 10/10
  6843 | D:7      | Found the +3 pair of gauntlets of War {Slay+5}
  7117 | D:7      | Noticed Duvessa
  7118 | D:7      | Noticed Dowan
  7122 | D:7      | Killed Dowan
  7127 | D:7      | Killed Duvessa
  7450 | D:8      | Noticed a two-headed ogre
  7458 | D:8      | Killed a two-headed ogre
  7736 | D:8      | Found a runed translucent door.
  7737 | D:8      | Noticed kae's ghost (novice MfIE)
  7784 | D:8      | Reached *** piety under Wu Jian
  7881 | D:8      | Reached skill level 12 in Unarmed Combat
  7944 | D:8      | Noticed a two-headed ogre
  7948 | D:8      | Killed a two-headed ogre
  8218 | D:9      | Found an iron altar of Okawaru.
  8277 | D:9      | Reached skill level 1 in Armour
  8330 | D:9      | Noticed a death yak
  8336 | D:9      | Noticed a death yak
  8357 | D:9      | Killed a death yak
  8357 | D:9      | Gained mutation: You are partially covered in large bone
                  | plates. (SH +4) [demonic ancestry]
  8357 | D:9      | Reached XP level 11. HP: 72/90 MP: 11/11
  8363 | D:9      | Killed a death yak
  8363 | D:9      | Reached skill level 10 in Fighting
  8365 | D:9      | Noticed a death yak
  8581 | D:9      | Killed a death yak
  8771 | D:9      | Found a staircase to the Lair.
  8933 | D:9      | Found a staircase to the Orcish Mines.
  8955 | D:9      | Found a shattered altar of Ashenzari.
  9260 | D:10     | Entered Level 10 of the Dungeon
  9612 | D:10     | Reached **** piety under Wu Jian
  9768 | D:10     | Noticed Nergalle
  9780 | D:10     | Killed Nergalle
  9780 | D:10     | Reached skill level 13 in Unarmed Combat
 10272 | Lair:1   | Entered Level 1 of the Lair of Beasts
 10482 | Lair:1   | Found a frozen archway.
 10538 | IceCv    | Entered an ice cave
 10758 | IceCv    | Reached skill level 5 in Dodging
 11059 | IceCv    | Gained mutation: You have a pair of large horns on your
                  | head. [demonic ancestry]
 11059 | IceCv    | Reached XP level 12. HP: 46/99 MP: 12/12
 11407 | IceCv    | Noticed an ice dragon
 11419 | IceCv    | Killed an ice dragon
 11419 | IceCv    | Noticed an ice dragon
 11423 | IceCv    | Killed an ice dragon
 11639 | IceCv    | Got a glittering tin ring
 11689 | IceCv    | Identified the ring of Lady Luck {rPois Str+4 SInv Stlth+}
                  | (You found it in an ice cave)
 11861 | Lair:1   | Noticed a catoblepas
 11981 | Lair:1   | Reached skill level 14 in Unarmed Combat
 12053 | Lair:1   | Found an ancient bone altar of Kikubaaqudgha.
 12061 | Lair:1   | Reached ***** piety under Wu Jian
 12061 | Lair:1   | Reached skill level 5 in Armour
 12806 | Lair:1   | Killed a catoblepas
 14400 | Lair:3   | Identified a scroll of acquirement
 14666 | Lair:3   | Found a gate leading to a gauntlet.
 14705 | Lair:3   | Noticed a six-headed hydra
 14713 | Lair:3   | Killed a six-headed hydra
 14913 | Lair:3   | Gained mutation: You sometimes gain power by taking damage.
                  | [demonic ancestry]
 14913 | Lair:3   | Reached XP level 13. HP: 74/107 MP: 13/13
 15509 | Lair:3   | Found a staircase to the Swamp.
 16444 | Lair:4   | Found a hole to the Spider Nest.
 16711 | Lair:4   | Reached skill level 15 in Unarmed Combat
 17885 | Lair:5   | Found a staircase to the Slime Pits.
 18422 | Lair:6   | Entered Level 6 of the Lair of Beasts
 19639 | Lair:6   | Gained mutation: You are powered by pain. [demonic
                  | ancestry]
 19639 | Lair:6   | Reached XP level 14. HP: 94/116 MP: 14/14
 19751 | Lair:6   | Reached ****** piety under Wu Jian
 20165 | Lair:6   | Reached skill level 16 in Unarmed Combat
 20901 | D:11     | Identified the +1 leather armour "Ryis Hou" {*Contam rF+
                  | Str+2}
 21029 | D:11     | Noticed Erolcha
 21139 | D:11     | Found Qycruv's Armour Emporium.
 21659 | D:12     | Found a bloodstained altar of Trog.
 22148 | D:12     | Identified the Collected Works on Congealing Transmutation
 22165 | D:12     | Identified the +10 quick blade of Zin's Castigation
                  | {freeze, *Drain rPois MR++ Dex+3} (You acquired it on level
                  | 12 of the Dungeon)
 22785 | D:12     | Found Eppom's Assorted Antiques.
 22822 | D:12     | Bought a scroll of identify for 64 gold pieces
 23169 | Orc:1    | Entered Level 1 of the Orcish Mines
 23260 | Orc:2    | Entered Level 2 of the Orcish Mines
 23285 | Orc:2    | Noticed Jorgrun
 23301 | Orc:2    | Noticed an orc warlord
 23301 | Orc:2    | Killed Jorgrun
 23332 | Orc:2    | Killed an orc warlord
 23512 | Orc:2    | Found a staircase to the Elven Halls.
 23676 | Orc:1    | Noticed a stone giant
 23689 | Orc:1    | Killed a stone giant
 23889 | Orc:2    | Gained mutation: You are mostly covered in large bone
                  | plates. (SH +6) [demonic ancestry]
 23889 | Orc:2    | Reached XP level 15. HP: 113/124 MP: 15/15
 23913 | Orc:2    | Reached skill level 10 in Dodging
 24023 | Orc:2    | Gained mutation: You are clumsy. (Dex -2) [a neqoxec]
 24698 | Orc:2    | Found Xoothrese's Distillery.
 24698 | Orc:2    | Found Jurep's Jewellery Shoppe.
 24700 | Orc:2    | Found Nomyost's Distillery.
 24700 | Orc:2    | Found Xexzuh's Assorted Antiques.
 24711 | Orc:2    | Bought a potion of berserk rage for 80 gold pieces
 24883 | D:13     | Learned a level 1 spell: Apportation
 25021 | D:13     | Noticed Josephine
 25055 | D:13     | Killed Josephine
 25055 | D:13     | Reached skill level 17 in Unarmed Combat
 25500 | D:13     | Found a runed translucent door.
 25501 | D:13     | Found a shimmering altar of Xom.
 25501 | D:13     | Noticed Qaryups's ghost (journeyman DrSk)
 25946 | D:14     | Found Inosihitao's Book Boutique.
 26606 | D:14     | Found a gate to the Vaults.
 27322 | D:15     | Entered Level 15 of the Dungeon
 27342 | D:15     | Reached skill level 10 in Armour
 27652 | D:15     | Found a white marble altar of Elyvilon.
 27745 | D:15     | Noticed a fire giant
 27746 | D:15     | Found a staircase to the Depths.
 27757 | D:15     | Killed a fire giant
 27845 | D:15     | Found a shimmering altar of Xom.
 27846 | D:15     | Found the +7 mace of Variability {chain chaos}
 28203 | D:15     | Reached XP level 16. HP: 117/133 MP: 16/16
 28222 | D:15     | Found an opulent altar of Gozag.
 28736 | Elf:1    | Entered Level 1 of the Elven Halls
 28899 | Elf:1    | Identified the Reference Book on Arcane Weapons
 29150 | Elf:1    | Reached skill level 18 in Unarmed Combat
 29387 | Elf:1    | Found Vodduph's Antique Weapon Boutique.
 29712 | Elf:1    | Reached skill level 1 in Stealth
 30130 | Elf:2    | Found a runed translucent gate.
 30130 | Elf:2    | Found a runed translucent gate.
 30135 | Elf:2    | Found a runed translucent gate.
 30313 | Elf:2    | Noticed Roxanne
 30563 | Elf:2    | Killed Roxanne
 30919 | Elf:2    | Reached skill level 15 in Fighting
 30928 | Elf:2    | Reached skill level 5 in Stealth
 31206 | Elf:3    | Entered Level 3 of the Elven Halls
 31335 | Elf:3    | Reached skill level 1 in Evocations
 31961 | Elf:3    | Reached skill level 5 in Throwing
 32097 | Elf:3    | Gained mutation: You are robust. (+10% HP) [demonic
                  | ancestry]
 32097 | Elf:3    | Reached XP level 17. HP: 136/156 MP: 19/19
 32313 | Elf:3    | Reached skill level 5 in Evocations
 33028 | Elf:3    | Noticed a deep elf master archer
 33035 | Elf:3    | Noticed a deep elf blademaster
 33205 | Elf:3    | Killed a deep elf blademaster
 33257 | Elf:3    | Noticed a deep elf blademaster
 33268 | Elf:3    | Noticed a Brimstone Fiend
 33277 | Elf:3    | Killed a deep elf blademaster
 33423 | Elf:3    | Identified the +9 broad axe "Vikhledghe" {flame, rF++ Int+2
                  | Stlth-}
 33423 | Elf:3    | Identified the ring "Duufypp" {Wiz +Fly rPois Int+3 Dex-4}
 33441 | Elf:3    | Noticed a deep elf blademaster
 33457 | Elf:3    | Killed a deep elf blademaster
 33468 | Elf:3    | Identified the cursed +0 chain mail of Tender Moments {MR+
                  | rCorr Stlth+}
 33468 | Elf:3    | Identified the ring of the Demon Prince {*Contam +Inv rC+
                  | Dex+3 SInv}
 33468 | Elf:3    | Noticed a deep elf master archer
 33487 | Elf:3    | Killed a deep elf master archer
 33516 | Elf:3    | Noticed a deep elf master archer
 33556 | Elf:3    | Killed a deep elf master archer
 33560 | Elf:3    | Noticed a deep elf master archer
 33561 | Elf:3    | Killed a deep elf master archer
 33562 | Elf:3    | Identified the +9 war axe "Kilamua" {freeze, Int+3}
 33583 | Elf:3    | Killed a deep elf master archer
 33681 | Elf:3    | Identified the Guide on Sinister Secrets and the Traveller
 33940 | Spider:1 | Entered Level 1 of the Spider Nest
 34363 | Spider:1 | Reached skill level 15 in Dodging
 34492 | Spider:1 | Reached skill level 19 in Unarmed Combat
 35278 | Spider:2 | Noticed Louise
 35332 | Spider:2 | Reached XP level 18. HP: 160/163 MP: 21/21
 35600 | Spider:2 | Killed Louise
 35851 | Spider:2 | Identified the +4 rapier "Undertaker" {freeze, Int+4 Dex+3
                  | Stlth+} (You acquired it on level 2 of the Spider Nest)
 36773 | Spider:4 | Entered Level 4 of the Spider Nest
 37018 | Spider:4 | Noticed Arachne
 37106 | Spider:3 | Slain by a spark wasp

Levels and vault maps discovered:
D:1:      saegor_arrival_simple_c, layout_loops_cross, grunt_decor_cap,
          minmay_split_cup_small
D:2:      layout_basic, first_ration, minmay_joined_circles, uniq_natasha
D:3:      layout_rooms, minitemple, ebering_ghost_sewer_d
D:4:      layout_loops_corners, minmay_temple_entry_proselytizer, serial_shops,
          shop
D:5:      layout_loops_ring, serial_shops, shop, uniq_menkaure
D:6:      minmay_opposing_rooms, layout_loops_ring
D:7:      layout_basic, uniq_duvessa
D:8:      layout_rooms, gammafunk_ghost_grave
D:9:      layout_loops_cross, evilmike_ruin_ashenzari, okawaru_gym_becter,
          dpeg_lair_monsters, david_orc_2, grunt_ogre_cave, minivault_22
D:10:     layout_basic, small_statue_intersection, uniq_nergalle
D:11:     layout_stronghold, serial_shops,
          nicolae_shop_temple_entry_statues_fountains, lightli_minifort,
          uniq_erolcha
D:12:     minmay_the_grid_triangle_9x9_rhombus_full
          [minmay_the_grid_triangle_9x9_warning,
          minmay_the_grid_triangle_9x9_limited_checkers,
          minmay_the_grid_triangle_9x9_stretched_checkered,
          minmay_the_grid_triangle_9x9_sprig,
          minmay_the_grid_triangle_9x9_pentomino_pain,
          minmay_the_grid_triangle_9x9_alien,
          minmay_the_grid_triangle_9x9_wacky_v,
          minmay_the_grid_triangle_9x9_prize_center], layout_cave_pods,
          serial_shops, nicolae_shop_overgrown_old_shop, serial_bayou_pond_e,
          bloody_trog
D:13:     layout_stronghold, ebering_ghost_xom, minmay_misc_feat_enclosed,
          minmay_misc_feat_secret_circle, uniq_josephine
D:14:     layout_basic, grunt_vaults_entry_tiered, serial_shops, shop,
          serial_park_gazebo [serial_park_minivault_5x5_8],
          serial_co_window_serial, co_window_corner_a, co_window_paths_b,
          co_window_paths_a, co_window_corner_a, co_window_of_opportunity_a,
          co_window_cross_4, co_window_broadway_b, co_window_broadway_b
D:15:     grunt_enter_depths_giant_problem, layout_basic, basic_altar,
          elyvilon_altar_5, minmay_guarded_unrand_variability
Temple:   dpeg_five_rooms_temple
Lair:1:   layout_regular_city, portal_ice_cave_rime, st_stairs_5,
          lemuel_oklob_altar
Lair:2:   layout_regular_city, grunt_forest_stairs_clearing, wad_woods_river_01,
          lemuel_fruit_fields, lemuel_fruit_fields, serial_bayou_shore_b
Lair:3:   layout_cave_shapes, nicolae_swamp_entry_splash_gauntlet,
          gauntlet_entry_generic, lemuel_fruit_fields, grunt_megastairs_4
Lair:4:   minmay_lair_oklob_tunnel, layout_concentric_octagons,
          spider_nest_entry_a
Lair:5:   layout_cave_shapes, minmay_slime_entry_oklob_open, st_stairs_11
Lair:6:   minmay_lair_end_frog_pond, layout_gridlike, st_stairs_10
Spider:1: layout_chambers, drop_trap
Spider:2: layout_spider_delve, uniq_louise
Spider:3: layout_spider_delve
Spider:4: johnstein_spider_rune_arachne_lair, uniq_nikola, uniq_asterion
Orc:1:    layout_diamond_mine
Orc:2:    grunt_orc_tribal_feast, layout_diamond_mine, uniq_jorgrun
Elf:1:    eino_elf_arrival_shootout, layout_loops_cross, serial_glass,
          glass_columns_b, glass_columns_c, serial_shops, shop,
          minmay_elf_annihilation, minmay_strange_pillars, st_stairs_10
Elf:2:    layout_onion_city, uniq_agnes, uniq_roxanne, uniq_azrael
Elf:3:    minmay_elf_hall_statues, layout_rooms

Skill      XL: |  1  2  3  4  5  6  7  8  9 10 11 12 13 14 15 16 17 18 |
---------------+-------------------------------------------------------+-----
Unarmed Combat | 3 4 5 6 7 9 11 12 13 14 15 16 17 18 19 | 19.6
Fighting       | 3 4 5 7 8 9 10 11 12 13 14 15 | 15.0
Dodging        | 3 5 6 8 9 11 12 15 16 | 16.5
Armour         | 1 4 6 7 9 10 | 10.4
Stealth        | 7 |  7.0
Throwing       | 5 |  5.4
Evocations     | 3 5 |  5.1

Action                   |  1- 3 |  4- 6 |  7- 9 | 10-12 | 13-15 | 16-18 || total
-------------------------+-------+-------+-------+-------+-------+-------++-------
Melee: Unarmed           |   126 |   121 |   211 |   528 |  1145 |   994 ||  3125
       Punch             |     3 |     4 |    10 |    36 |   112 |    87 ||   252
       Headbutt          |       |     9 |    56 |   149 |   319 |   225 ||   758
Invok: Lunge             |       |       |    23 |    38 |   127 |   109 ||   297
       Whirlwind         |       |       |     1 |     6 |    77 |    93 ||   177
       Serpent's Lash    |       |       |       |       |     1 |     1 ||     2
 Abil: Wall Jump         |       |       |       |       |     8 |     4 ||    12
Evoke: Wand              |       |       |       |     2 |    14 |     2 ||    18
  Use: Scroll            |       |    10 |     7 |    11 |     9 |    15 ||    52
       Potion            |       |     4 |     1 |       |     1 |       ||     6
 Stab: Sleeping          |     2 |       |       |     4 |    18 |     4 ||    28
       Invisible         |       |     1 |       |       |       |       ||     1
       Distracted        |       |       |     1 |     2 |     2 |     1 ||     6
       Confused          |       |       |       |       |       |     5 ||     5
  Eat: Chunk             |     2 |     6 |    10 |    24 |    35 |    27 ||   104
       Ration            |       |       |       |     1 |     2 |     1 ||     4
Armor: Leather armour    |    31 |    23 |    21 |    74 |   108 |    11 ||   268
       Skin              |       |     5 |       |       |       |       ||     5
       Plate armour      |       |       |       |       |       |   385 ||   385
Dodge: Dodged            |    76 |    50 |    89 |   216 |   474 |   457 ||  1362
Block: Other             |       |       |       |    49 |   123 |   217 ||   389

Table legend:
 A = Non-vault XP
 B = Vault XP
 C = Vault XP percentage of total XP
 D = Non-vault monster count
 E = Vault monster count
 F = Vault count percentage of total count
                 A         B        C        D         E       F
            +---------+---------+-------+---------+---------+-------
      Total |  192333 |  140030 |  42.1 |     768 |     321 |  29.5
            +---------+---------+-------+---------+---------+-------
        D:1 |      42 |       4 |   8.7 |      23 |       3 |  11.5
        D:2 |     149 |      60 |  28.7 |      21 |       8 |  27.6
        D:3 |      55 |     289 |  84.0 |      14 |       3 |  17.6
        D:4 |     245 |      40 |  14.0 |      15 |       1 |   6.2
        D:5 |     490 |     169 |  25.6 |      22 |       1 |   4.3
        D:6 |    1416 |    1503 |  51.5 |      17 |       9 |  34.6
        D:7 |    1962 |     198 |   9.2 |      31 |       2 |   6.1
        D:8 |    3002 |       0 |   0.0 |      26 |       0 |   0.0
        D:9 |    1474 |    3098 |  67.8 |      18 |      19 |  51.4
       D:10 |    1659 |     804 |  32.6 |      19 |       1 |   5.0
       D:11 |    2578 |     526 |  16.9 |      29 |       1 |   3.3
       D:12 |    3279 |    9559 |  74.5 |      30 |      28 |  48.3
       D:13 |    7619 |    2121 |  21.8 |      33 |       6 |  15.4
       D:14 |    9373 |    9028 |  49.1 |      22 |      25 |  53.2
       D:15 |   14617 |    2334 |  13.8 |      28 |       4 |  12.5
     Lair:1 |    5389 |    1498 |  21.8 |      22 |       4 |  15.4
     Lair:2 |    2687 |    1950 |  42.1 |      17 |      10 |  37.0
     Lair:3 |    4344 |    2222 |  33.8 |      16 |      11 |  40.7
     Lair:4 |    5294 |    2176 |  29.1 |      22 |       4 |  15.4
     Lair:5 |    5537 |     364 |   6.2 |      22 |       2 |   8.3
     Lair:6 |    8307 |   14774 |  64.0 |      33 |      54 |  62.1
   Spider:1 |   24350 |       0 |   0.0 |      58 |       0 |   0.0
   Spider:2 |   18686 |    1658 |   8.1 |      43 |       1 |   2.3
   Spider:3 |   11521 |    7695 |  40.0 |      32 |      15 |  31.9
   Spider:4 |    1357 |    2854 |  67.8 |       5 |      10 |  66.7
      Orc:1 |    4736 |       0 |   0.0 |      35 |       0 |   0.0
      Orc:2 |    3472 |   10719 |  75.5 |      35 |      31 |  47.0
      Elf:1 |    9892 |    7386 |  42.7 |      17 |      13 |  43.3
      Elf:2 |   17962 |    5128 |  22.2 |      28 |       5 |  15.2
      Elf:3 |   20839 |   46525 |  69.1 |      35 |      30 |  46.2
      IceCv |       0 |    5348 | 100.0 |       0 |      20 | 100.0
            +---------+---------+-------+---------+---------+-------
